 Dungeon Crawl Stone Soup version 0.30-a0-377-g5cb311bc9f (webtiles) character file.

Game seed: 7606784316023560266

21183 qeuew the Contemplative (level 13, -8/90 HPs)
             Began as a Formicid Fighter on Nov 28, 2022.
             Was a Priest of Cheibriados.
             Killed from afar by a starcursed mass (9 damage)
             ... with an accursed screaming
             ... on level 3 of the Abyss.
             The game lasted 00:21:12 (14169 turns).

qeuew the Contemplative (Formicid Fighter)         Turns: 14169, Time: 00:21:13

Health: -8/90      AC: 26    Str: 32    XL:     13   Next: 18%
Magic:  10/22      EV: 10    Int: 14    God:    Cheibriados [***...]
Gold:   923        SH: 12    Dex: 24    Spells: 12/12 levels left

rFire   . . .      SeeInvis +    a - +0 war axe (vorpal)
rCold   . . .      Faith    .    c - +0 buckler
rNeg    + . .      Spirit   .    z - +0 crystal plate armour
rPois   +          Reflect  .    (helmet unavailable)
rElec   .          Harm     .    d - +2 ratskin cloak {*Rats rPois rN+ Str-1 Int-1 Dex+1}
rCorr   +          Rampage  .    b - +2 pair of gloves
Will    +....                    (no boots)
Stlth   ..........               (no amulet)
HPRegen 0.00/turn                f - ring of resist corrosion
MPRegen 0.18/turn                (no ring)

@: sick, very slow
A: permanent stasis, dig shafts and tunnels, antennae 3, four strong arms, large
bone plates 1, frail 1, mutation resistance 1
a: Dig, Shaft Self, Renounce Religion, Bend Time, Temporal Distortion


You were on level 3 of the Abyss.
You worshipped Cheibriados.
Cheibriados was most pleased with you.
You visited 3 branches of the dungeon, and saw 14 of its levels.
You visited the Abyss 1 time.
You also visited: Sewer.

You collected 923 gold pieces.

Inventory:

Hand Weapons
 a - a +0 vorpal war axe (weapon)
Missiles
 e - 3 throwing nets
Armour
 b - a +2 pair of gloves (worn)
 c - a +0 buckler (worn)
 d - the +2 ratskin cloak (worn) {*Rats rPois rN+ Str-1 Int-1 Dex+1}
   (You found it on level 5 of the Dungeon)

   When the wearer is hurt, rats may emerge from it to assist them.
   Str:       It affects your strength (-1).
   Int:       It affects your intelligence (-1).
   Dex:       It affects your dexterity (+1).
   rPois:     It protects you from poison.
   rN:        It protects you from negative energy.
 z - a +0 crystal plate armour (worn)
Jewellery
 f - a ring of resist corrosion (left hand)
Wands
 i - a wand of paralysis (23)
 k - a wand of flame (6)
 w - a wand of polymorph (5)
Scrolls
 g - 3 scrolls of amnesia
 p - 3 scrolls of enchant armour
 r - 5 scrolls of fear
 t - a scroll of brand weapon
 v - 3 scrolls of identify
 x - a scroll of butterflies
Potions
 h - 2 potions of might
 j - a potion of brilliance
 l - 6 potions of curing
 m - a potion of resistance
 n - 2 potions of magic
 o - a potion of cancellation
 s - 4 potions of flight
 u - 3 potions of heal wounds
Miscellaneous
 q - a lightning rod (4/4)


   Skills:
 + Level 9.1 Fighting
 + Level 7.9 Axes
 + Level 9.2 Armour
 + Level 6.9 Dodging
 + Level 10.7 Shields
 * Level 12.3 Invocations
 + Level 7.7 Evocations


You had 12 spell levels left.
You didn't know any spells.
Your spell library contained the following spells:

 Spells                   Type           Power      Damage    Failure   Level
 Freeze                   Ice            0%         1d3       100%        1
 Ensorcelled Hibernation  Hex/Ice        0%         N/A       100%        2
 Momentum Strike          Conj/Tloc      0%         3d8       100%        2
 Frozen Ramparts          Ice            0%         1d1       100%        3
 Hailstorm                Conj/Ice       0%         3d3       100%        3
 Inner Flame              Hex/Fire       0%         N/A       100%        3
 Lesser Beckoning         Tloc           0%         N/A       100%        3
 Spider Form              Tmut/Pois      0%         N/A       100%        3
 Summon Guardian Golem    Hex/Summ       0%         N/A       100%        3
 Anguish                  Hex/Necr       0%         N/A       100%        4
 Cause Fear               Hex            0%         N/A       100%        4
 Ice Form                 Ice/Tmut       0%         N/A       100%        4
 Simulacrum               Ice/Necr       0%         N/A       100%        6
 Orb of Destruction       Conj           0%         9d5       100%        7
 Spellforged Servitor     Conj/Summ      0%         N/A       100%        7
 Discord                  Hex            0%         N/A       100%        8
 Blink                    Tloc           Unusable   N/A       N/A         2

Dungeon Overview and Level Annotations

Branches:
Dungeon (10/15)            Temple (0/1) D:5            Lair (3/5) D:9
  Snake (0/4) Lair:2          Orc (1/2) D:9           Sewer (visited)
  Swamp: Lair:2-3    Shoals: Lair:2-3

Altars:
Cheibriados
Dithmenos
Elyvilon
Fedhas
Gozag
Kikubaaqudgha
Okawaru
Qazlal
Ru
Trog
Vehumet
Wu Jian
Xom
Yredelemnul
Zin
The Shining One

Shops:
D:4 =   D:7 (

Annotations:
D:10 3 transporters


Innate Abilities, Weirdness & Mutations

You cannot be hasted, slowed, berserked, paralysed or teleported.
You can dig through walls and to a lower floor.
You have a pair of large antennae on your head. (SInv)
Your four strong arms can wield two-handed weapons with a shield.
You are partially covered in large bone plates. (SH +4)
You are frail. (-10% HP)
You are somewhat resistant to further mutation.


Message History

* * * LOW HITPOINT WARNING * * *
You feel much better. The raiju bites you!
* * * LOW HITPOINT WARNING * * *
The raiju shocks you!
* * * LOW HITPOINT WARNING * * *
Activating: Slouch (1% risk of failure)
Press: ? - help, Dir - look around, f - activate You can feel time thicken for a moment.
You can no longer step out of the flow of time.
Cheibriados lowers the support of your attributes as your movement quickens.
A raiju comes into view.
You block the raiju's attack.
The raiju bursts into living lightning!
The living lightning misses you.
The living lightning hits the raiju.
The raiju completely resists.
The raiju blinks!
The raiju barks!
Activating: Slouch (1% risk of failure)
Press: ? - help, Dir - look around, f - activate You can feel time thicken for a moment.
You kill the raiju!
Cheibriados thoroughly appreciates the change of pace.
You kill the raiju!
Cheibriados appreciates the change of pace.
Cheibriados lowers the support of your attributes as your movement quickens.
Activating: Slouch (1% risk of failure)
Press: ? - help, Dir - look around, f - activate You can feel time thicken for a moment.
You kill the raiju!
Cheibriados appreciates the change of pace.
You can no longer inflict damage on those overly hasty.
Cheibriados lowers the support of your attributes as your movement quickens.
A starcursed mass comes into view.
The starcursed mass shrieks in your mind.
* * * LOW HITPOINT WARNING * * *
You see here a raiju corpse.
A starcursed mass splits. x2
Okay, then.
A starcursed mass splits.
A chorus of shrieks assaults your mind.
You die...

# .# # .## . . ###
### ##..## .....#
#..# ..#..#
.....## #...#
..... ... ..## #
... ... ...
....#####.#.# .
.......###..##@#
..........#..#...#
. .........#..##.#
... .......XX##
..#
.....†..†....X#{
###
........#####....#
. .... ## # XX##.#
......## ..# #...
. ...###... ..
...#


You could see 3 starcursed masses.

Vanquished Creatures
  Nessos (Lair:3)
  A centaur warrior (D:10)
  A thrashing horror (Abyss:2)
  Amaemon (Lair:1)
  A shadow demon (Abyss:3)
  A cyclops (D:6)
  Joseph (D:10)
  An orange demon (Lair:1)
  2 gargoyles
  An unseen horror (D:10)
  A large abomination (Abyss:2)
  5 cane toads
  3 komodo dragons
  A rime drake (Lair:2)
  A hornet (Lair:2)
  Prince Ribbit (D:7)
  3 raiju (Abyss:3)
  15 blink frogs
  A wyvern (Lair:2)
  4 yaks (Lair:1)
  3 steam dragons
  A naga (Abyss:3)
  An acid dragon (D:10)
  8 water moccasins (Lair:2)
  5 orc warriors
  A black bear (D:8)
  2 sky beasts
  3 ogres
  2 centaurs
  7 bullfrogs
  3 kobold brigands
  2 scorpions
  4 gnoll sergeants
  A necrophage (D:6)
  7 wights (D:8)
  11 killer bees
  A howler monkey (D:10)
  5 hounds
  A jelly (D:6)
  A gnoll bouda (D:7)
  3 orc priests
  Ijyb (D:4)
  12 orc wizards
  4 iguanas
  A hell rat (D:5)
  2 small abominations
  31 gnolls
  14 adders
  21 river rats
  A shadow imp (D:7)
  A white imp (D:5)
  3 ufetubi
  4 worms
  2 dart slugs
  43 orcs
  8 ball pythons
  6 endoplasms
  7 giant cockroaches
  9 goblins
  7 hobgoblins
  2 jackals (D:2)
  17 kobolds
  8 quokkas
  12 bats
  7 frilled lizards
  9 rats
  A bush (Lair:2)
351 creatures vanquished.

Vanquished Creatures (collateral kills)
  Gastronok (Lair:1)
  A komodo dragon (Lair:2)
  An ancient zyme (Abyss:3)
  A blink frog (Lair:1)
  3 yaks (Lair:1)
  A steam dragon (D:9)
  Edmund (D:6)
  An ice beast (D:6)
  An orc warrior (D:9)
  A kobold brigand (D:6)
  2 scorpions (D:6)
  A killer bee (D:9)
  An orc priest (D:6)
  An iguana (D:6)
  An orc wizard (D:9)
  A gnoll (D:9)
  An adder (Sewer)
  A river rat (Sewer)
  2 orcs
23 creatures vanquished.

Vanquished Creatures (others)
  A bush (Lair:1)
  2 fungi
  11 plants
14 creatures vanquished.

Grand Total: 388 creatures vanquished

Notes
Turn   | Place    | Note
-------+----------+-------------------------------------------
     0 | D:1      | qeuew the Formicid Fighter began the quest for the Orb.
     0 | D:1      | Reached XP level 1. HP: 18/18 MP: 1/1
    56 | D:1      | Reached XP level 2. HP: 8/24 MP: 2/2
   159 | D:1      | Reached XP level 3. HP: 21/29 MP: 3/3
  1002 | D:2      | Found a snail-covered altar of Cheibriados.
  1008 | D:2      | Reached skill level 1 in Dodging
  1023 | D:2      | Became a worshipper of Cheibriados the Contemplative
  1079 | D:2      | Reached XP level 4. HP: 37/37 MP: 4/4
  1466 | D:2      | Reached skill level 1 in Invocations
  1508 | D:2      | Reached * piety under Cheibriados
  1708 | D:2      | Reached XP level 5. HP: 11/42 MP: 5/5
  1897 | D:3      | Found a blossoming altar of Fedhas.
  2229 | D:3      | Found a faded altar of an unknown god.
  2449 | D:3      | Reached ** piety under Cheibriados
  2453 | D:3      | Found a shadowy altar of Dithmenos.
  2614 | D:3      | Reached skill level 5 in Shields
  2844 | D:4      | Reached XP level 6. HP: 37/48 MP: 7/7
  2938 | D:4      | Found Hayr's Jewellery Emporium.
  3163 | D:4      | Reached skill level 2 in Invocations
  3272 | D:4      | Noticed an ogre
  3280 | D:4      | Killed an ogre
  3316 | D:4      | Reached XP level 7. HP: 28/55 MP: 8/8
  3565 | D:4      | Found a basalt altar of Yredelemnul.
  3568 | D:4      | Found a bloodstained altar of Trog.
  3584 | D:4      | Found an opulent altar of Gozag.
  3587 | D:4      | Found a glowing silver altar of Zin.
  3772 | D:4      | Noticed Ijyb
  3790 | D:4      | Killed Ijyb
  3880 | D:5      | Entered Level 5 of the Dungeon
  4124 | D:5      | Found a staircase to the Ecumenical Temple.
  4205 | D:5      | Reached skill level 3 in Invocations
  4351 | D:5      | Reached skill level 1 in Evocations
  4369 | D:5      | Found the +2 ratskin cloak {*Rats rPois rN+ Str-1 Int-1
                  | Dex+1}
  4752 | D:5      | Found an ancient bone altar of Kikubaaqudgha.
  4902 | D:5      | Reached *** piety under Cheibriados
  5259 | D:6      | Noticed Edmund
  5266 | D:6      | Killed Edmund
  5267 | D:6      | Reached skill level 5 in Armour
  5267 | D:6      | Reached skill level 4 in Invocations
  5267 | D:6      | Reached XP level 8. HP: 55/61 MP: 9/11
  5313 | D:6      | Noticed a gargoyle
  5324 | D:6      | Reached skill level 5 in Fighting
  5326 | D:6      | Killed a gargoyle
  5327 | D:6      | Reached skill level 5 in Invocations
  5403 | D:6      | Reached XP level 9. HP: 40/68 MP: 11/13
  5464 | D:6      | Found a glowing drain.
  5473 | Sewer    | Entered a sewer
  5545 | Sewer    | Reached **** piety under Cheibriados
  6114 | D:6      | Noticed a cyclops
  6120 | D:6      | Reached skill level 6 in Invocations
  6126 | D:6      | Killed a cyclops
  6836 | D:6      | Gained mutation: You are partially covered in large bone
                  | plates. (SH +4) [potion of mutation]
  6836 | D:6      | Gained mutation: You are frail. (-10% HP) [potion of
                  | mutation]
  6836 | D:6      | Gained mutation: You are somewhat resistant to further
                  | mutation. [potion of mutation]
  6862 | D:7      | Found a stormy altar of Qazlal.
  6963 | D:7      | Reached skill level 5 in Axes
  6963 | D:7      | Reached skill level 7 in Invocations
  6965 | D:7      | Reached ***** piety under Cheibriados
  6969 | D:7      | Identified the +6 trident of Yxzuqidu {venom, Str+3}
  6978 | D:7      | Reached XP level 10. HP: 41/68 MP: 15/15
  7115 | D:7      | Found a sacrificial altar of Ru.
  7365 | D:7      | Found a radiant altar of Vehumet.
  7369 | D:7      | Found Kucotuom's Weapon Shop.
  7394 | D:7      | Noticed Prince Ribbit
  7406 | D:7      | Killed Prince Ribbit
  7506 | D:7      | Found an iron altar of Okawaru.
  7812 | D:8      | Reached skill level 8 in Invocations
  8626 | D:9      | Reached skill level 5 in Evocations
  8769 | D:9      | Reached ****** piety under Cheibriados
  9078 | D:9      | Reached skill level 5 in Dodging
  9186 | D:9      | Reached XP level 11. HP: 47/75 MP: 17/17
  9198 | D:9      | Reached skill level 9 in Invocations
  9347 | D:9      | Found a staircase to the Lair.
  9876 | D:9      | Found a staircase to the Orcish Mines.
  9928 | D:10     | Entered Level 10 of the Dungeon
 10022 | D:10     | Found a transporter.
 10041 | D:10     | Noticed Joseph
 10050 | D:10     | Killed Joseph
 10308 | D:10     | Found a faded altar of an unknown god.
 10308 | D:10     | Found a white marble altar of Elyvilon.
 10316 | D:10     | Found a glowing golden altar of the Shining One.
 10318 | D:10     | Found an ornate altar of the Wu Jian Council.
 10320 | D:10     | Found a shimmering altar of Xom.
 10453 | D:10     | Found a transporter.
 10459 | D:10     | Found a transporter.
 10514 | D:10     | Noticed a centaur warrior
 10522 | D:10     | Killed a centaur warrior
 10682 | D:10     | Found a transporter.
 10939 | Orc:1    | Entered Level 1 of the Orcish Mines
 10955 | Orc:1    | Noticed an orc knight
 11099 | Lair:1   | Entered Level 1 of the Lair of Beasts
 11159 | Lair:1   | Reached skill level 10 in Invocations
 11341 | Lair:1   | Noticed Amaemon
 11346 | Lair:1   | Killed Amaemon
 12023 | Lair:1   | Noticed Gastronok
 12038 | Lair:1   | Killed Gastronok
 12039 | Lair:1   | Reached XP level 12. HP: 50/82 MP: 18/20
 12236 | Lair:1   | Reached skill level 11 in Invocations
 12827 | Lair:2   | Reached skill level 10 in Shields
 13025 | Lair:2   | Found a staircase to the Snake Pit.
 13911 | Lair:3   | Noticed Nessos
 13917 | Lair:3   | Killed Nessos
 13918 | Lair:3   | Reached skill level 12 in Invocations
 14035 | Abyss:2  | Cast into level 2 of the Abyss (merfolk)
 14037 | Abyss:2  | Found a shimmering altar of Xom.
 14067 | Abyss:2  | Found a corrupted altar of Lugonu.
 14071 | Abyss:2  | Noticed a thrashing horror
 14076 | Abyss:2  | Killed a thrashing horror
 14077 | Abyss:2  | Reached XP level 13. HP: 86/90 MP: 16/22
 14101 | Abyss:3  | Found a corrupted altar of Lugonu.
 14119 | Abyss:3  | Noticed a tentacled starspawn
 14164 | Abyss:3  | Noticed a starcursed mass
 14165 | Abyss:3  | HP: 1/90 [starcursed mass/accursed screaming (5)]
 14169 | Abyss:3  | Killed from afar by a starcursed mass

Illustrated notes

Levels and vault maps discovered:
D:1:      minmay_arrival_radiant_lines, layout_loops_corners
D:2:      layout_loops_ring, basic_altar, cheibrodos_gnoll_hut
D:3:      layout_loops_ring, nicolae_dithmenos_the_darkroom, fedhas_altar_2,
          hellmonk_ecumenical_altar_lost_god, serial_rivers,
          chequers_serial_rivers_micro_e, chequers_serial_rivers_micro_a,
          chequers_serial_rivers_small_a, chequers_serial_rivers_marsh,
          chequers_serial_rivers_small_a, chequers_serial_rivers_small_b
D:4:      layout_rooms, grunt_temple_overflow_cloverleaf, serial_shops,
          nicolae_shop_waterfront, serial_co_window_serial,
          co_window_of_opportunity_a, co_window_corner_a,
          co_window_of_opportunity_a, co_window_paths_a,
          co_window_of_opportunity_a, co_window_unsneaky_path_c,
          co_window_cross_4, co_window_corner_ca, co_window_corner_b,
          co_window_broadway_b, co_window_corner_cb, co_window_2corner,
          glass_columns_b, glass_columns_a, glass_columns_c, glass_columns_a,
          glass_columns_a, uniq_ijyb
D:5:      wander_guarded_unrand_ratskin, layout_basic, general_overflow_altar,
          minmay_temple_entry_slanted, chequers_serial_rivers_small_3
D:6:      cheibrodos_fzero, layout_loops_ring, gup_sewer_entry_bubbles,
          uniq_edmund
D:7:      layout_rooms, lemuel_tele_altar, nicolae_ru_sacrificial_ziggurat,
          okawaru_altar_gauntlet_db, lemuel_crystal_altar, serial_shops,
          nicolae_shop_bloodbath_and_beyond, amcnicky_mini_pool_medium,
          uniq_prince_ribbit1
D:8:      layout_basic
D:9:      layout_loops_ring, david_lair_shrubbed, erik_orc_2
D:10:     layout_loops_ring, chequers_temple_overflow_minitemple,
          minmay_misc_feat_square, nicolae_transporter_intersection, uniq_joseph
Lair:1:   layout_cave_pods, gauntlet_entry_generic, serial_bayou_shore_b,
          uniq_gastronok, uniq_amaemon
Lair:2:   layout_roguey, minmay_snake_entry_six_corridors
Lair:3:   layout_roguey, elwin_shoals_entry_stream,
          grunt_forest_large_clearings, serial_bayou_shore_b, uniq_nessos
Orc:1:    layout_caves
Abyss:3:  base: Lair:1, small_statue_intersection, evilmike_abyss_exit_mutagenic

Skill      XL: |  1  2  3  4  5  6  7  8  9 10 11 12 13 |
---------------+----------------------------------------+-----
Dodging        | 1 2 3 4 5 6 |  6.9
Invocations    | 1 2 4 5 7 8 10 12 | 12.3
Armour         | 4 5 6 7 8 9 |  9.2
Fighting       | 4 5 6 7 8 9 |  9.1
Shields        | 5 6 7 8 9 10 | 10.7
Axes           | 3 4 5 7 |  7.9
Evocations     | 1 2 4 5 6 7 |  7.7

Action                   |  1- 3 |  4- 6 |  7- 9 | 10-12 | 13-15 || total
-------------------------+-------+-------+-------+-------+-------++-------
Melee: War axe           |    65 |   169 |   327 |   521 |    23 ||  1105
Invok: Slouch            |       |       |       |     7 |     5 ||    12
 Abil: Dig               |       |       |     1 |       |       ||     1
  Use: Potion            |     3 |     1 |     6 |     3 |     1 ||    14
       Scroll            |     1 |     7 |     8 |     1 |       ||    17
 Stab: Invisible         |       |       |     2 |       |       ||     2
       Sleeping          |       |       |     1 |       |       ||     1
       Distracted        |       |       |       |     2 |       ||     2
Armor: Scale mail        |    20 |    74 |   134 |   113 |       ||   341
       Crystal plate arm |       |       |       |    85 |     8 ||    93
Dodge: Dodged            |    34 |   114 |   230 |   320 |    12 ||   710
Block: Buckler           |    23 |    63 |   189 |   466 |    17 ||   758

Table legend: (Time is in decaauts)
 A = Elapsed time spent in this place.
 B = Non-inter-level travel time spent in this place.
 C = Inter-level travel time spent in this place.
 D = Time resting spent in this place.
 E = Time spent auto-exploring this place.
 F = Levels seen in this place.
 G = Mean time per level.
                   A        B        C        D        E       F      G
               +--------+--------+--------+--------+--------+-----+--------+
         Total |  20664 |  19879 |    785 |    238 |  15560 |  17 | 1215.5 |
       Dungeon |  14934 |  14229 |    705 |    238 |  11065 |  10 | 1493.4 |
          Lair |   4395 |   4315 |     80 |      0 |   3689 |   3 | 1465.0 |
  Orcish Mines |     29 |     29 |      0 |      0 |      0 |   1 |   29.0 |
         Abyss |    218 |    218 |      0 |      0 |      0 |   2 |  109.0 |
         Sewer |   1085 |   1085 |      0 |      0 |    805 |   1 | 1085.0 |
               +--------+--------+--------+--------+--------+-----+--------+

Top non-repeatable levels by time:
  Lair:1: 2536 daAuts
     D:9: 2340 daAuts
     D:6: 1720 daAuts
  Lair:2: 1689 daAuts
    D:10: 1680 daAuts
     D:5: 1618 daAuts
     D:4: 1502 daAuts
     D:8: 1427 daAuts
     D:7: 1295 daAuts
     D:3: 1254 daAuts
     D:2: 1127 daAuts
   Sewer: 1085 daAuts
     D:1: 966 daAuts
  Lair:3: 169 daAuts
 Abyss:2: 109 daAuts
